[ PARTIDA AOE2 · #507167891 ]
UnrankedBúlgaros vs Tupi
Equipo del jugador · VICT
Equipo rival · DERR
[ ANÁLISIS DE REPETICIÓN · EXTRAÍDO DE LA PARTIDA GRABADA ]
Feudal
9:16
Castillos
23:03
Imperial
42:06
| APM promedio | 62.9 |
| APM pico | 132 |
| eAPM promedio | 32.7 |
| Aldeanos / militares | 204 / 496 |
Foco
⚔️ 48.5% · 🌾 51.5%
Skirmisher ×256 · Scout Cavalry ×206 · Battering Ram ×10 · Konnik ×7 · Militia ×7 · Trebuchet (Packed) ×4
Feudal
10:58
Castillos
21:10
Imperial
35:14
| APM promedio | 51.3 |
| APM pico | 85 |
| eAPM promedio | 26.3 |
| Aldeanos / militares | 111 / 20 |
Foco
⚔️ 50.0% · 🌾 50.0%
Unknown (2579) ×170 · Mangonel ×7 · Trebuchet (Packed) ×7 · Archer ×4 · Unknown (2550) ×3 · Monk ×1
Mapa de la partida
Recursos iniciales + cada clic de construcción. Líneas = muros · curvas = relieve. ◆ oro · ⬟ piedra · ● bayas · ✦ reliquia · ◌ hueco del cierre
Tu base· Abierta — hueco de 3t
Base de mouri· Abierta — hueco de 4t
Terreno inicial suavizado · ◌ = hueco del cierre detectado · pasá el cursor para detalles
Inputs por minuto
— Scotty - - mouri
Build order — Scotty
Primeras 150 de 840 acciones detectadas
| 0:01 | Encolar | Villager (Male) ×4 |
| 0:01 | Encolar | Villager (Male) ×4 |
| 0:02 | Construir | House |
| 0:04 | Construir | House |
| 1:24 | Encolar | Villager (Male) |
| 1:54 | Construir | Lumber Camp |
| 1:58 | Encolar | Villager (Male) |
| 1:58 | Encolar | Villager (Male) |
| 1:58 | Encolar | Villager (Male) |
| 2:14 | Encolar | Villager (Male) |
| 2:14 | Encolar | Villager (Male) |
| 2:14 | Encolar | Villager (Male) |
| 2:44 | Encolar | Villager (Male) |
| 2:45 | Encolar | Villager (Male) |
| 3:04 | Encolar | Villager (Male) |
| 3:04 | Encolar | Villager (Male) |
| 3:04 | Encolar | Villager (Male) |
| 3:31 | Encolar | Villager (Male) |
| 3:32 | Encolar | Villager (Male) |
| 3:32 | Encolar | Villager (Male) |
| 3:50 | Construir | House |
| 4:00 | Encolar | Villager (Male) |
| 4:00 | Encolar | Villager (Male) |
| 4:28 | Encolar | Villager (Male) |
| 4:28 | Encolar | Villager (Male) |
| 4:28 | Encolar | Villager (Male) |
| 4:47 | Encolar | Villager (Male) |
| 4:47 | Encolar | Villager (Male) |
| 5:09 | Construir | Barracks |
| 5:36 | Construir | House |
| 5:37 | Construir | Palisade Wall |
| 5:41 | Encolar | Villager (Male) |
| 5:45 | Investigar | Loom |
| 6:35 | Encolar | Villager (Male) |
| 6:52 | Investigar | Feudal Age |
| 6:52 | Investigar | Feudal Age |
| 7:21 | Construir | Mill |
| 7:26 | Encolar | Militia |
| 7:26 | Encolar | Militia |
| 7:26 | Encolar | Militia |
| 7:27 | Encolar | Militia |
| 8:05 | Encolar | Militia |
| 8:05 | Encolar | Militia |
| 8:06 | Encolar | Militia |
| 8:16 | Construir | House |
| 8:23 | Encolar | Villager (Male) |
| 8:23 | Encolar | Villager (Male) |
| 8:23 | Encolar | Villager (Male) |
| 8:26 | Construir | Farm |
| 8:44 | Construir | Farm |
| 8:47 | Construir | Farm |
| 8:58 | Encolar | Villager (Male) |
| 9:16 | Edad | Edad Feudal |
| 9:20 | Encolar | Villager (Male) |
| 9:32 | Investigar | Double-Bit Axe |
| 9:32 | Investigar | Double-Bit Axe |
| 9:48 | Encolar | Villager (Male) |
| 10:05 | Construir | Farm |
| 10:05 | Construir | Farm |
| 10:09 | Encolar | Villager (Male) |
| 10:09 | Encolar | Villager (Male) |
| 10:09 | Encolar | Villager (Male) |
| 10:28 | Encolar | Villager (Male) |
| 10:29 | Encolar | Villager (Male) |
| 10:29 | Encolar | Villager (Male) |
| 10:30 | Construir | Farm |
| 10:35 | Construir | House |
| 10:54 | Encolar | Villager (Male) |
| 10:54 | Encolar | Villager (Male) |
| 11:07 | Construir | Archery Range |
| 11:11 | Construir | Palisade Wall |
| 11:14 | Construir | House |
| 11:15 | Construir | Palisade Wall |
| 11:16 | Encolar | Villager (Male) |
| 11:26 | Construir | Palisade Wall |
| 11:28 | Construir | House |
| 11:28 | Construir | Palisade Wall |
| 11:31 | Construir | Palisade Wall |
| 11:35 | Construir | Farm |
| 11:47 | Construir | House |
| 11:52 | Construir | House |
| 11:59 | Encolar | Villager (Male) |
| 12:08 | Construir | Palisade Gate |
| 12:09 | Encolar | Villager (Male) |
| 12:09 | Encolar | Villager (Male) |
| 12:15 | Encolar | Skirmisher |
| 12:32 | Encolar | Skirmisher |
| 12:47 | Encolar | Villager (Male) |
| 12:49 | Encolar | Skirmisher |
| 12:49 | Encolar | Skirmisher |
| 12:56 | Construir | House |
| 12:59 | Construir | Palisade Wall |
| 13:10 | Encolar | Villager (Male) |
| 13:14 | Encolar | Skirmisher |
| 13:26 | Encolar | Villager (Male) |
| 13:28 | Construir | Farm |
| 13:29 | Construir | Farm |
| 13:42 | Encolar | Villager (Male) |
| 13:49 | Construir | Farm |
| 13:52 | Construir | Farm |
| 14:14 | Encolar | Villager (Male) |
| 14:17 | Construir | House |
| 14:33 | Construir | Mining Camp |
| 14:38 | Encolar | Villager (Male) |
| 14:41 | Construir | Blacksmith |
| 14:48 | Encolar | Skirmisher |
| 14:48 | Encolar | Skirmisher |
| 14:48 | Encolar | Skirmisher |
| 15:00 | Encolar | Villager (Male) |
| 15:15 | Encolar | Villager (Male) |
| 15:28 | Encolar | Skirmisher |
| 15:29 | Investigar | Padded Archer Armor |
| 15:29 | Investigar | Padded Archer Armor |
| 15:30 | Investigar | Padded Archer Armor |
| 15:32 | Construir | House |
| 15:33 | Encolar | Villager (Male) |
| 15:48 | Encolar | Skirmisher |
| 15:51 | Encolar | Villager (Male) |
| 15:58 | Encolar | Skirmisher |
| 16:06 | Construir | Farm |
| 16:08 | Investigar | Horse Collar |
| 16:08 | Investigar | Horse Collar |
| 16:08 | Investigar | Horse Collar |
| 16:24 | Construir | House |
| 16:25 | Construir | House |
| 16:29 | Encolar | Villager (Male) |
| 16:40 | Investigar | Fletching |
| 16:40 | Investigar | Fletching |
| 16:40 | Investigar | Fletching |
| 16:41 | Encolar | Villager (Male) |
| 17:10 | Encolar | Archer |
| 17:11 | Encolar | Skirmisher |
| 17:11 | Encolar | Skirmisher |
| 17:13 | Encolar | Villager (Male) |
| 17:16 | Construir | Farm |
| 17:17 | Construir | Farm |
| 17:35 | Encolar | Villager (Male) |
| 17:46 | Construir | House |
| 17:57 | Construir | Farm |
| 17:59 | Encolar | Skirmisher |
| 17:59 | Encolar | Skirmisher |
| 18:02 | Encolar | Villager (Male) |
| 18:04 | Construir | Farm |
| 18:06 | Construir | Farm |
| 18:30 | Construir | Farm |
| 18:34 | Construir | Farm |
| 18:52 | Construir | Market |
| 19:05 | Encolar | Villager (Male) |
| 19:07 | Construir | Farm |
| 19:29 | Encolar | Villager (Male) |
Build order — mouri
Primeras 150 de 398 acciones detectadas
| 0:00 | Encolar | Villager (Male) |
| 0:00 | Encolar | Villager (Male) |
| 0:01 | Encolar | Villager (Male) |
| 0:02 | Construir | House |
| 0:03 | Construir | House |
| 0:04 | Construir | House |
| 0:11 | Encolar | Villager (Male) |
| 0:37 | Construir | Barracks |
| 1:08 | Encolar | Villager (Male) |
| 1:08 | Encolar | Villager (Male) |
| 1:37 | Encolar | Unit 2550 |
| 2:00 | Encolar | Villager (Male) |
| 2:32 | Encolar | Villager (Male) |
| 2:47 | Encolar | Villager (Male) |
| 3:04 | Investigar | Loom |
| 3:11 | Encolar | Unit 2550 |
| 3:34 | Construir | House |
| 3:48 | Encolar | Villager (Male) |
| 4:01 | Encolar | Unit 2550 |
| 4:10 | Encolar | Villager (Male) |
| 4:22 | Encolar | Villager (Male) |
| 4:51 | Encolar | Villager (Male) |
| 4:59 | Encolar | Villager (Male) |
| 5:07 | Construir | House |
| 5:17 | Encolar | Villager (Male) |
| 5:17 | Encolar | Villager (Male) |
| 6:07 | Encolar | Villager (Male) |
| 6:16 | Construir | Settlement |
| 6:31 | Encolar | Villager (Male) |
| 6:49 | Encolar | Villager (Male) |
| 6:49 | Encolar | Villager (Male) |
| 7:42 | Construir | Settlement |
| 8:22 | Encolar | Villager (Male) |
| 8:46 | Investigar | Feudal Age |
| 8:46 | Investigar | Feudal Age |
| 8:46 | Investigar | Feudal Age |
| 8:47 | Investigar | Feudal Age |
| 8:47 | Investigar | Feudal Age |
| 8:50 | Construir | Settlement |
| 9:14 | Construir | Palisade Wall |
| 9:15 | Construir | Palisade Wall |
| 9:22 | Construir | Palisade Wall |
| 9:24 | Construir | Palisade Wall |
| 9:27 | Construir | Palisade Wall |
| 9:29 | Construir | Palisade Wall |
| 9:32 | Construir | Palisade Wall |
| 9:35 | Construir | Palisade Wall |
| 9:39 | Encolar | Villager (Male) |
| 9:47 | Construir | Palisade Wall |
| 10:13 | Construir | Farm |
| 10:26 | Construir | Palisade Wall |
| 10:30 | Construir | Palisade Wall |
| 10:33 | Construir | Palisade Wall |
| 10:36 | Construir | Palisade Wall |
| 10:37 | Construir | Palisade Wall |
| 10:39 | Construir | Palisade Wall |
| 10:58 | Edad | Edad Feudal |
| 11:00 | Investigar | Tech 1402 |
| 11:01 | Encolar | Villager (Male) |
| 11:08 | Construir | Archery Range |
| 11:15 | Investigar | Double-Bit Axe |
| 11:15 | Investigar | Double-Bit Axe |
| 11:18 | Construir | Farm |
| 11:20 | Construir | Farm |
| 11:27 | Encolar | Spearman |
| 11:57 | Encolar | Villager (Male) |
| 12:01 | Encolar | Archer |
| 12:04 | Construir | Farm |
| 12:16 | Encolar | Villager (Male) |
| 12:26 | Construir | Farm |
| 12:28 | Encolar | Archer |
| 12:40 | Construir | Farm |
| 12:43 | Encolar | Villager (Male) |
| 12:58 | Construir | Palisade Wall |
| 13:01 | Construir | Farm |
| 13:11 | Encolar | Villager (Male) |
| 13:19 | Construir | Palisade Wall |
| 13:19 | Construir | Palisade Wall |
| 13:20 | Construir | Palisade Wall |
| 13:28 | Encolar | Villager (Male) |
| 13:30 | Encolar | Archer |
| 13:32 | Encolar | Archer |
| 13:44 | Encolar | Villager (Male) |
| 13:48 | Construir | House |
| 13:50 | Construir | Farm |
| 13:55 | Construir | Farm |
| 13:57 | Construir | Farm |
| 14:27 | Encolar | Villager (Male) |
| 14:32 | Construir | Farm |
| 14:51 | Construir | Watch Tower |
| 14:54 | Construir | Settlement |
| 15:00 | Encolar | Villager (Male) |
| 15:15 | Encolar | Villager (Male) |
| 15:37 | Encolar | Villager (Male) |
| 15:45 | Construir | House |
| 15:51 | Encolar | Villager (Male) |
| 15:54 | Encolar | Villager (Male) |
| 15:57 | Construir | Palisade Wall |
| 16:31 | Encolar | Villager (Male) |
| 16:47 | Construir | Watch Tower |
| 16:52 | Encolar | Villager (Male) |
| 16:59 | Construir | House |
| 17:12 | Encolar | Villager (Male) |
| 17:14 | Construir | Market |
| 17:19 | Construir | Palisade Wall |
| 17:20 | Construir | Palisade Wall |
| 18:30 | Investigar | Castle Age |
| 18:30 | Investigar | Castle Age |
| 18:30 | Investigar | Castle Age |
| 18:30 | Investigar | Castle Age |
| 18:30 | Investigar | Castle Age |
| 18:38 | Construir | Watch Tower |
| 19:10 | Construir | Blacksmith |
| 19:19 | Encolar | Villager (Male) |
| 19:22 | Investigar | Horse Collar |
| 19:22 | Investigar | Horse Collar |
| 19:56 | Encolar | Villager (Male) |
| 20:02 | Investigar | Fletching |
| 20:03 | Investigar | Fletching |
| 21:10 | Edad | Edad de los Castillos |
| 21:12 | Construir | Castle |
| 21:16 | Encolar | Villager (Male) |
| 21:18 | Construir | Siege Workshop |
| 21:35 | Investigar | Bodkin Arrow |
| 21:35 | Investigar | Bodkin Arrow |
| 21:40 | Construir | Farm |
| 22:06 | Encolar | Mangonel |
| 22:15 | Construir | Palisade Gate |
| 22:23 | Encolar | Unit 2579 ×2 |
| 22:28 | Encolar | Villager (Male) |
| 22:46 | Encolar | Unit 2579 |
| 22:46 | Encolar | Unit 2579 |
| 22:47 | Encolar | Villager (Male) |
| 22:47 | Encolar | Villager (Male) |
| 23:00 | Encolar | Unit 2579 |
| 23:05 | Encolar | Unit 2579 |
| 23:05 | Encolar | Unit 2579 |
| 23:13 | Encolar | Villager (Male) |
| 23:16 | Encolar | Unit 2579 |
| 23:33 | Encolar | Villager (Male) |
| 23:49 | Encolar | Unit 2579 |
| 23:57 | Encolar | Mangonel |
| 24:13 | Construir | Settlement |
| 24:17 | Encolar | Villager (Male) |
| 24:18 | Encolar | Unit 2579 |
| 24:43 | Encolar | Villager (Male) |
| 24:46 | Encolar | Villager (Male) |
| 24:48 | Encolar | Unit 2579 |
| 24:53 | Encolar | Villager (Male) |
| 24:53 | Encolar | Villager (Male) |
Cronología de la partida
| 0:37 | mouri · first_building Barracks |
| 5:09 | Scotty · first_building Barracks |
| 5:37 | Scotty · wall_segment Palisade Wall x1 |
| 9:14 | mouri · wall_segment Palisade Wall x1 |
| 9:15 | mouri · wall_segment Palisade Wall x1 |
| 9:16 | Scotty · age_up feudal |
| 9:22 | mouri · wall_segment Palisade Wall x1 |
| 9:24 | mouri · wall_segment Palisade Wall x1 |
| 9:27 | mouri · wall_segment Palisade Wall x1 |
| 9:29 | mouri · wall_segment Palisade Wall x1 |
| 9:32 | mouri · wall_segment Palisade Wall x1 |
| 9:35 | mouri · wall_segment Palisade Wall x1 |
| 9:47 | mouri · wall_segment Palisade Wall x1 |
| 10:26 | mouri · wall_segment Palisade Wall x1 |
| 10:30 | mouri · wall_segment Palisade Wall x1 |
| 10:33 | mouri · wall_segment Palisade Wall x1 |
| 10:36 | mouri · wall_segment Palisade Wall x1 |
| 10:37 | mouri · wall_segment Palisade Wall x1 |
| 10:39 | mouri · wall_segment Palisade Wall x1 |
| 10:58 | mouri · age_up feudal |
| 11:07 | Scotty · first_building Archery Range |
| 11:08 | mouri · first_building Archery Range |
| 11:11 | Scotty · wall_segment Palisade Wall x1 |
| 11:15 | Scotty · wall_segment Palisade Wall x6 |
| 11:26 | Scotty · wall_segment Palisade Wall x2 |
| 11:28 | Scotty · wall_segment Palisade Wall x1 |
| 11:31 | Scotty · wall_segment Palisade Wall x4 |
| 12:58 | mouri · wall_segment Palisade Wall x1 |
| 12:59 | Scotty · wall_segment Palisade Wall x1 |
| 13:19 | mouri · wall_segment Palisade Wall x1 |
| 13:19 | mouri · wall_segment Palisade Wall x1 |
| 13:20 | mouri · wall_segment Palisade Wall x1 |
| 15:57 | mouri · wall_segment Palisade Wall x1 |
| 17:19 | mouri · wall_segment Palisade Wall x1 |
| 17:20 | mouri · wall_segment Palisade Wall x1 |
| 18:23 | mouri · first_market_buy 100 food |
| 18:25 | mouri · first_market_sell 100 wood |
| 20:12 | Scotty · first_market_buy 100 food |
| 21:10 | mouri · age_up castle |
| 21:12 | mouri · first_building Castle |
| 21:18 | mouri · first_building Siege Workshop |
| 23:03 | Scotty · age_up castle |
| 23:17 | Scotty · first_market_sell 100 food |
| 23:42 | Scotty · wall_segment Palisade Wall x6 |
| 27:33 | Scotty · first_building Krepost |
| 29:02 | Scotty · first_building Siege Workshop |
| 34:05 | mouri · first_building Monastery |
| 34:47 | Scotty · first_building Castle |
| 35:14 | mouri · age_up imperial |
| 40:29 | Scotty · first_building Monastery |
| 41:48 | Scotty · first_building Stable |
| 42:06 | Scotty · age_up imperial |
| 56:19 | mouri · wall_segment Stone Wall x1 |
| 58:46 | mouri · resign |
[ ANÁLISIS IA · 1 CRÉDITO ]
¿Qué pasó realmente en esta partida?
Wolo.gg analiza cada decisión: build order, eco, micro, errores típicos por bracket. Análisis personalizado por WhatsApp o Discord en 30 segundos.
Guía civ
Búlgaros
Perfil
Jugador #301918